 Dungeon Crawl Stone Soup version 0.26-a0-30-g56b8cd3df0 (webtiles) character file.

Game seed: 3669631199225113929, levelgen mode: deterministic

7 vurker the Grave Robber (level 1, 0/14 HPs)
             Began as a Demonspawn Necromancer on June 3, 2020.
             Slain by a hobgoblin
             ... wielding a +0 club
              (2 damage)
             ... on level 1 of the Dungeon.
             The game lasted 00:00:31 (434 turns).

vurker the Grave Robber (Demonspawn Necromancer)     Turns: 434, Time: 00:00:32

Health: 0/14       AC:  2    Str:  8    XL:     1   Next: 83%
Magic:  0/3        EV: 12    Int: 16    God:
Gold:   15         SH:  0    Dex: 13    Spells: 3/4 levels left

rFire    . . .     SeeInvis .   (no weapon)
rCold    . . .     Gourm    .   (no shield)
rNeg     . . .     Faith    .   a - +0 robe
rPois    .         Spirit   .   (no helmet)
rElec    .         Reflect  .   (no cloak)
rCorr    .         Harm     .   (no gloves)
MR       .....                  (no boots)
Stlth    ++........             (no amulet)
HPRegen  0.04/turn              (no ring)
MPRegen  0.08/turn              (no ring)

@: very slightly contaminated
A: no striking features
a: no special abilities


You were on level 1 of the Dungeon.
You were not hungry.

You visited 1 branch of the dungeon, and saw 1 of its levels.

You collected 15 gold pieces.

Inventory:

Armour
 a - a +0 robe (worn)
Scrolls
 b - a scroll of magic mapping {unknown}
Potions
 c - a potion of degeneration {unknown}
 d - a potion of ambrosia {unknown}
 f - a potion of brilliance {unknown}
Comestibles
 e - 2 rations


   Skills:
 + Level 0.4 Fighting
 - Level 1.7 Dodging
 - Level 1.7 Stealth
 * Level 2.2 Spellcasting
 * Level 4.5 Necromancy


You had 3 spell levels left.
You knew the following spells:

 Your Spells              Type           Power        Failure   Level  Hunger
a - Pain                  Necr           ###.         3%          1    #......

Your spell library contained the following spells:

 Spells                   Type           Power        Failure   Level  Hunger
 Animate Skeleton         Necr           N/A          3%          1    #......
 Vampiric Draining        Necr           ###.......   10%         3    ###....
 Animate Dead             Necr           N/A          30%         4    #####..
 Agony                    Necr           ###.....     65%         5    ######.


Dungeon Overview and Level Annotations

Branches:
Dungeon (1/15)

Altars:


Message History

A bat is nearby!
Aim: a bat (chance to defeat MR: 87%)
You miscast Pain.
You are very lightly contaminated with residual magic.
Nothing appears to happen.
The bat barely misses you.
You can't see any susceptible monsters within range! (Use Z to cast anyway.)
You can't see any susceptible monsters within range! (Use Z to cast anyway.)
The bat is too close now for your liking.
A bat is nearby!
A bat is nearby!
Aim: a bat (chance to defeat MR: 87%)
You miscast Pain.
Nothing appears to happen.
You can't see any susceptible monsters within range! (Use Z to cast anyway.) No target in view!
The bat closely misses you.
The bat is too close now for your liking.
Aim: a bat (chance to defeat MR: 87%)
The bat writhes in agony.
The bat hits you but does no damage.
You don't have enough magic to cast that spell.
A hobgoblin comes into view. It is wielding a +0 club.
The bat misses you.
Found 15 arrows.
The bat hits you but does no damage.
You closely miss the bat. The bat barely misses you. The bat misses you.
You closely miss the bat. The bat closely misses you. The hobgoblin misses you.
You closely miss the hobgoblin. The bat barely misses you.
The hobgoblin closely misses you.
You hit the hobgoblin. The bat hits you but does no damage. x2
The hobgoblin barely misses you.
You hit the bat. The bat misses you. The bat closely misses you.
You closely miss the bat. The bat hits you.
The bat hits you but does no damage. The hobgoblin hits you with a +0 club.
You closely miss the bat. The bat hits you.
The hobgoblin hits you with a +0 club.
You hit the hobgoblin but do no damage. The bat hits you.
* * * LOW HITPOINT WARNING * * *
The hobgoblin misses you. The bat hits you.
* * * LOW HITPOINT WARNING * * *
All of the chunks of flesh in your inventory have rotted away.
Aim: a bat (severely wounded, chance to defeat MR: 87%)
The bat writhes in agony.
You kill the bat!
The hobgoblin hits you with a +0 club.
* * * LOW HITPOINT WARNING * * *
You hit the hobgoblin but do no damage.
The hobgoblin hits you but does no damage.
You hit the hobgoblin but do no damage. The hobgoblin misses you.
You hit the hobgoblin. The hobgoblin hits you with a +0 club.
You die...

###...#.#.# ##.....
#.....#.# ##......
#....##.### ##.......
#.........# ##....≈≈≈.
#.#.###.#.# # #....≈...≈
#.......#.#.###.#....≈.<.≈
####.####.#.....#....≈...≈
........g.....##....≈≈≈.
#.##.#.#@#.....###.......
# ..##.#.....# ##.....#
#... ..# ....# ###...# #.#
.### ...(# ###.# #. #.
#### ## # #


You could see a hobgoblin.

Vanquished Creatures
  2 bats (D:1)
  A hobgoblin (D:1)
  3 kobolds (D:1)
  A frilled lizard (D:1)
7 creatures vanquished.

Notes
Turn   | Place    | Note
-------+----------+-------------------------------------------
     0 | D:1      | vurker the Demonspawn Necromancer began the quest for the
                  | Orb.
     0 | D:1      | Reached XP level 1. HP: 13/13 MP: 3/3
   434 | D:1      | Slain by a hobgoblin

Illustrated notes

Levels and vault maps discovered:
D:1:      enne_arrival_octagon_isle, layout_basic, nrook_uturn

Action                   || total
-------------------------++-------
Melee: Unarmed           ||    18
 Cast: Pain              ||     9
Armor: Robe              ||     6
Dodge: Dodged            ||    24

Table legend:
 A = Non-vault XP
 B = Vault XP
 C = Vault XP percentage of total XP
 D = Non-vault monster count
 E = Vault monster count
 F = Vault count percentage of total count
                 A         B        C        D         E       F
            +---------+---------+-------+---------+---------+-------
      Total |      10 |       0 |   0.0 |       7 |       0 |   0.0
            +---------+---------+-------+---------+---------+-------
        D:1 |      10 |       0 |   0.0 |       7 |       0 |   0.0
            +---------+---------+-------+---------+---------+-------
